 Dungeon Crawl Stone Soup version 0.28.0 (webtiles) character file.

Game seed: 1012623618689879537

980 horus123 the Magician (level 8, -4/58 HPs)
             Began as a Djinni Cinder Acolyte on Feb 13, 2022.
             Was an Elder of Ignis.
             Killed by divine providence
             ... invoked by an orc priest
              (14 damage)
             ... on level 5 of the Dungeon.
             The game lasted 00:09:34 (6211 turns).

horus123 the Magician (Djinni Cinder Acolyte)       Turns: 6211, Time: 00:09:35

Health: -4/58      AC:  5    Str: 13    XL:     8   Next: 40%
Gold:   76         EV: 11    Int: 18    God:    Ignis [****..] SH:  0 Dex:  9

rFire   + + +      SeeInvis .   a - -1 falchion (flame)
rCold   x . .      Faith    .   (no shield)
rNeg    . . .      Spirit   .   b - +0 robe
rPois   ∞          Reflect  .   g - +2 helmet
rElec   .          Harm     .   (no cloak)
rCorr   .          Rampage  .   (no gloves)
Will    .....                   (boots unavailable)
Stlth   +.........              (no amulet)
HPRegen 0.19/turn               (no ring)
MPRegen 0.00/turn               (no ring)

@: on blink cooldown, flying
A: sickness immunity, fire resistance 2, cold vulnerability 1, float, innate
caster, HP casting, extra vitality 1
a: Renounce Religion, Fiery Armour, Foxfire Swarm, Rising Flame


You were on level 5 of the Dungeon.
You worshipped Ignis.
Ignis was greatly pleased with you.
You visited 1 branch of the dungeon, and saw 5 of its levels.

You collected 76 gold pieces.

Inventory:

Hand Weapons
 a - a -1 falchion of flaming (weapon)
Armour
 b - a +0 robe (worn)
 g - a +2 helmet (worn)
Wands
 k - a wand of digging (6)
Scrolls
 c - 3 scrolls of teleportation
 j - a scroll of identify
 m - a scroll of fear {unknown}
Potions
 f - a potion of might
 h - a potion of resistance {unknown}
 i - a potion of degeneration {unknown}
 l - a potion of haste {unknown}
 n - 2 potions of mutation {unknown}


   Skills:
 + Level 4.2 Fighting
 - Level 2.6 Long Blades
 - Level 7.1 Spellcasting


You had 14 spell levels left.
You knew the following spells:

 Your Spells              Type           Power      Damage    Failure   Level
a - Scorch                Fire           64%        2d8       1%          2
b - Foxfire               Conj/Fire      100%       2x1d9     1%          1
c - Passwall              Tmut/Erth      26%        N/A       1%          2
d - Blink                 Tloc           64%        N/A       1%          2
Your spell library was empty.

Dungeon Overview and Level Annotations

Branches:
Dungeon (5/15)
 Temple: D:4-7

Altars:
Qazlal
Xom

Shops:
D:3 ?


Innate Abilities, Weirdness & Mutations

You are immune to sickness and miasma.
You are immune to poison.
Your flesh is very heat resistant. (rF++)
You are vulnerable to cold. (rC-)
You float through the air rather than walking.
You learn spells naturally, not from books.
Your magical power is your life essence.
You have superior vitality. (+4 MHP)


Message History

The orc is moderately wounded.
The orc wizard hits you with a +0 dagger.
The scorpion barely misses you.
Flames lash the orc priest.
The orc priest is heavily wounded.
The orc priest's fire resistance burns away.
The foxfire hits the orc but does no damage.
The orc is moderately wounded.
The foxfire hits the orc.
You kill the orc!
The foxfire hits the scorpion.
The scorpion is heavily wounded.
The foxfire hits the orc but does no damage.
The foxfire hits the scorpion but does no damage.
The scorpion is heavily wounded.
The orc priest mumbles some strange prayers to Beogh against you.
Beogh smites you!
* * * LOW HITPOINT WARNING * * *
The scorpion stings you.
* * * LOW HITPOINT WARNING * * *
The orc wizard hits you with a +0 dagger.
* * * LOW HITPOINT WARNING * * *
The foxfire hits the orc.
The orc is moderately wounded.
You feel better. The scorpion misses you.
The orc wizard hits you with a +0 dagger.
* * * LOW HITPOINT WARNING * * *
The orc misses you.
The orc priest looks satisfied for a moment.
Okay, then.
Casting: Scorch (safe; 1% risk of failure)
Confirm with . or Enter, or press ? or * to list all spells.
Okay, then.
Casting: Scorch (safe; 1% risk of failure)
Confirm with . or Enter, or press ? or * to list all spells.
You blink.
* * * LOW HITPOINT WARNING * * *
The orc priest mumbles some strange prayers to Beogh against you.
Beogh smites you!
You die...

.. ##### #### #..###.....
.#....####..##...##......
........##...............
........................
................#.....#
#...@........##....##
#.))).......###.....#
###o....#.#.##......#
##o.##.##.......##..
##oso##..##..#..##.<#
#..§###.....###..##..
.......## ##....###..#..#
##.##.. ...#....##......#
>. #.. ...............##


You could see a scorpion, 2 orc priests, an orc wizard and an orc.

Vanquished Creatures
  Edmund (D:4)
  A sky beast (D:4)
  A black bear (D:2)
  2 necrophages (D:4)
  A scorpion (D:4)
  A howler monkey (D:5)
  A gnoll shaman (D:4)
  An orc priest (D:5)
  A jelly (D:4)
  2 iguanas
  2 orc wizards (D:5)
  2 hound skeletons (D:4)
  3 adders
  7 gnolls
  An ufetubus (D:4)
  2 adder skeletons (D:4)
  4 worms
  3 dart slugs
  14 orcs
  5 bats
  6 endoplasms
  3 giant cockroaches
  2 goblins
  6 hobgoblins
  4 quokkas
  5 ball pythons
  2 frilled lizards
  8 kobolds
  7 rats
98 creatures vanquished.

Vanquished Creatures (others)
  40 foxfires
40 creatures vanquished.

Grand Total: 138 creatures vanquished

Notes
Turn   | Place    | Note
-------+----------+-------------------------------------------
     0 | D:1      | horus123 the Djinni Cinder Acolyte began the quest for the
                  | Orb.
     0 | D:1      | Reached XP level 1. HP: 20/20 MP: 0/0
   254 | D:1      | Reached XP level 2. HP: 24/25 MP: 0/0
   546 | D:1      | Reached skill level 3 in Spellcasting
   946 | D:1      | Reached XP level 3. HP: 23/30 MP: 0/0
   946 | D:1      | Learned a level 1 spell: Foxfire
  1786 | D:2      | Found a faded altar of an unknown god.
  2211 | D:2      | Reached XP level 4. HP: 19/35 MP: 0/0
  2519 | D:2      | Noticed a black bear
  2532 | D:2      | Killed a black bear
  2533 | D:2      | Reached skill level 4 in Spellcasting
  2533 | D:2      | Reached XP level 5. HP: 7/40 MP: 0/0
  2533 | D:2      | Learned a level 2 spell: Passwall
  3186 | D:3      | Found a shimmering altar of Xom.
  3705 | D:3      | Reached XP level 6. HP: 41/46 MP: 0/0
  4354 | D:3      | Found Zaxzahizu's Magic Scroll Shoppe.
  4591 | D:4      | Reached skill level 5 in Spellcasting
  4758 | D:4      | Noticed a sky beast
  4773 | D:4      | Killed a sky beast
  4793 | D:4      | Reached XP level 7. HP: 12/50 MP: 0/0
  4793 | D:4      | Learned a level 2 spell: Blink
  5254 | D:4      | Reached skill level 6 in Spellcasting
  5594 | D:4      | Noticed Edmund
  5603 | D:4      | Killed Edmund
  5604 | D:4      | Reached XP level 8. HP: 17/56 MP: 0/0
  5879 | D:4      | Reached skill level 7 in Spellcasting
  5955 | D:4      | Found a stormy altar of Qazlal.
  6115 | D:5      | Entered Level 5 of the Dungeon
  6200 | D:5      | HP: 1/58 [orc priest/divine providence (7)]
  6211 | D:5      | Killed from afar by an orc priest

Illustrated notes

Levels and vault maps discovered:
D:1:      minmay_arrival_up_and_down, layout_basic, minmay_hexomino_f4
D:2:      layout_loops_corners, ebering_ecumenical_altar_webs,
          nicolae_concentric_dashed_squares_wild, minmay_misc_feat_plants
D:3:      layout_loops_ring, mainiacjoe_overflow_small_starburst,
          nicolae_overflow_hidden_temple, gup_sewer_entry_bowl, serial_shops,
          nicolae_shop_behind_doors, grunt_ministairs_11
D:4:      layout_basic, mainiacjoe_overflow_brackets, uniq_edmund
D:5:      layout_cave_pools, grunt_gozag_statues, minmay_misc_feat_iff,
          uniq_sigmund

Skill      XL: |  1  2  3  4  5  6  7  8 |
---------------+-------------------------+-----
Spellcasting   | 3 4 5 6 7 |  7.1
Fighting       | 4 |  4.2
Long Blades    | |  2.6

Action                   |  1- 3 |  4- 6 |  7- 9 || total
-------------------------+-------+-------+-------++-------
Melee: Falchion          |    31 |       |       ||    31
 Cast: Scorch            |    26 |    69 |    53 ||   148
       Foxfire           |       |     2 |       ||     2
       Blink             |       |       |     1 ||     1
Invok: Foxfire Swarm     |       |       |     3 ||     3
  Use: Scroll            |     3 |     3 |     1 ||     7
       Potion            |       |       |     5 ||     5
Armor: Robe              |     8 |    10 |    10 ||    28
Dodge: Dodged            |    22 |     8 |    17 ||    47
